 Dungeon Crawl Stone Soup version 0.30-a0-389-g8d7d949f56 (webtiles) character file.

Game seed: 18432872353271250325

1688357 Zonian the Sorcerer (level 27, 273/273 HPs)
             Began as a Djinni Ice Elementalist on Nov 29, 2022.
             Was the Champion of Ashenzari.
             Escaped with the Orb
             ... and 4 runes on Dec 4, 2022!
             The game lasted 07:49:56 (137376 turns).

Zonian the Sorcerer (Djinni Ice Elementalist)     Turns: 137376, Time: 07:49:56

Health: 273/273    AC: 38    Str: 13    XL:     27
Gold:   3125       EV: 19    Int: 44    God:    Ashenzari [******] SH: 23 Dex: 23

rFire   + + +      SeeInvis +    Q - +3 demon trident of the Gnostic Empyrean {speed, rN++ Will+, Fort, Self} (curse)
rCold   + + +      Faith    .    C - +0 kite shield "Chained Together" {rC+ rF+, Self, Melee} (curse)
rNeg    + + +      Spirit   .    E - +11 shadow dragon scales of Ashenzari's Heresy {Slay+5 Stlth++++, Melee, Self} (curse)
rPois   ∞          Reflect  +    z - +0 helmet "Cryptic Restlessness" {Regen+ rCorr Int+7, Self, Cun} (curse)
rElec   +          Harm     .    F - +1 cloak of Ashenzari's Planets {+Blink rN++, Evo, Self} (curse)
rCorr   +          Rampage  .    v - +2 pair of gloves "Enigmatic Orthodoxy" {rC+ Stlth+, Self, Fort} (curse)
Will    +++..      Clarity  +    (boots unavailable)
Stlth   +++.......               b - amulet "Perceptive Syndicalism" {Reflect SH+5, Melee, Evo} (curse)
HPRegen 1.45/turn                a - ring of the Ensconced Sorrow {rElec rC++ Str+6 Int+3 Dex+2, Self, Fort} (curse)
MPRegen 0.00/turn                G - ring "Shackled Water Diviner" {rC+ Int+6 Dex+6, Self, Melee} (curse)

@: flying, studying 2 skills
A: sickness immunity, fire resistance 2, cold vulnerability 1, float, innate
caster, HP casting, extra vitality 1, iridescent scales 1, deformed body,
deterioration 1, dopey 1, robust 2, no potion heal 1, devolution 1
0: Orb of Zot
}: 4/15 runes: decaying, serpentine, slimy, silver
a: Renounce Religion, Evoke Blink, Shatter the Chains


You escaped.
You worshipped Ashenzari.
Ashenzari was exalted by your worship.
You visited 14 branches of the dungeon, and saw 58 of its levels.
You visited the Abyss 1 time.
You visited 1 ziggurat, and saw 10 of its levels.
You also visited: Trove and Wizlab.

You collected 8717 gold pieces.
You spent 5592 gold pieces at shops.

Inventory:

Hand Weapons
 Q - the cursed +3 demon trident of the Gnostic Empyrean (weapon) {speed, rN++ Will+, Fort, Self}
   (You acquired it on level 2 of the Elven Halls)

   Attacks with this weapon are significantly faster.
   rN:        It greatly protects you from negative energy.
   Will:      It increases your willpower.
   It has a curse which improves the following skills: Fortitude: Armour and
   Shields.
   Introspection: Fighting and Spellcasting.
Missiles
 c - 22 boomerangs of dispersal
 h - 20 boomerangs
 w - 11 javelins
 B - 3 throwing nets
 R - 13 curare-tipped darts
 S - 14 silver javelins
Armour
 v - the cursed +2 pair of gloves "Enigmatic Orthodoxy" (worn) {rC+ Stlth+, Self, Fort}
   (You acquired it on level 3 of the Vaults)

   rC:        It protects you from cold.
   Stlth:     It makes you more stealthy.
   It has a curse which improves the following skills: Introspection: Fighting
   and Spellcasting.
   Fortitude: Armour and Shields.
 z - the cursed +0 helmet "Cryptic Restlessness" (worn) {Regen+ rCorr Int+7, Self, Cun}
   (You found it on level 2 of the Crypt)

   Int:       It affects your intelligence (+7).
   Regen:     It increases your rate of health regeneration.
   rCorr:     It protects you from acid and corrosion.
   It has a curse which improves the following skills: Introspection: Fighting
   and Spellcasting.
   Cunning:   Dodging and Stealth.
 C - the cursed +0 kite shield "Chained Together" (worn) {rC+ rF+, Self, Melee}
   (You found it on level 5 of the Dungeon)

   It has a curse which improves the following skills: Introspection: Fighting
   and Spellcasting.
   Melee Combat: Short Blades, Long Blades, Axes, Maces & Flails, Polearms,
   Staves and Unarmed Combat.
 E - the cursed +11 shadow dragon scales of Ashenzari's Heresy (worn) {Slay+5 Stlth++++, Melee, Self}
   (You found it in a treasure trove)

   Slay:      It affects your accuracy & damage with ranged weapons and melee
   (+5).
   Stlth:     It makes you much more stealthy.
   It has a curse which improves the following skills: Melee Combat: Short
   Blades, Long Blades, Axes, Maces & Flails, Polearms, Staves and Unarmed
   Combat.
   Introspection: Fighting and Spellcasting.
 F - the cursed +1 cloak of Ashenzari's Planets (worn) {+Blink rN++, Evo, Self}
   (You acquired it on level 6 of the Dungeon)

   rN:        It greatly protects you from negative energy.
   +Blink:    It lets you blink.
   It has a curse which improves the following skills: Evocations: Evocations.
   Introspection: Fighting and Spellcasting.
Jewellery
 a - the cursed ring of the Ensconced Sorrow (left hand) {rElec rC++ Str+6 Int+3 Dex+2, Self, Fort}
   (You acquired it on level 3 of the Vaults)

   [ring of strength]

   Str:       It affects your strength (+6).
   Int:       It affects your intelligence (+3).
   Dex:       It affects your dexterity (+2).
   rC:        It greatly protects you from cold.
   rElec:     It insulates you from electricity.
   It has a curse which improves the following skills: Introspection: Fighting
   and Spellcasting.
   Fortitude: Armour and Shields.
 b - the cursed amulet "Perceptive Syndicalism" (around neck) {Reflect SH+5, Melee, Evo}
   (You found it on level 2 of the Dungeon)

   [amulet of reflection]

   It reflects blocked missile attacks.
   SH:        It affects your SH (+5).
   It has a curse which improves the following skills: Melee Combat: Short
   Blades, Long Blades, Axes, Maces & Flails, Polearms, Staves and Unarmed
   Combat.
   Evocations: Evocations.
 G - the cursed ring "Shackled Water Diviner" (right hand) {rC+ Int+6 Dex+6, Self, Melee}
   (You took it off a deep elf death mage on level 3 of the Elven Halls)

   [ring of intelligence]

   Int:       It affects your intelligence (+6).
   Dex:       It affects your dexterity (+6).
   rC:        It protects you from cold.
   It has a curse which improves the following skills: Introspection: Fighting
   and Spellcasting.
   Melee Combat: Short Blades, Long Blades, Axes, Maces & Flails, Polearms,
   Staves and Unarmed Combat.
 T - the ring "Lehu" {Wiz Str+4 Int+2 Dex+6 SInv}
   (You found it on level 9 of a ziggurat)

   [ring of wizardry]

   It improves your spell success rate.
   Str:       It affects your strength (+4).
   Int:       It affects your intelligence (+2).
   Dex:       It affects your dexterity (+6).
   SInv:      It lets you see invisible.
 X - a ring of the Octopus King {rCorr HP+2 AC+2 EV+2 SH+2}
   (You found it on level 9 of a ziggurat)

   [ring of resist corrosion]

   AC:        It affects your AC (+2).
   EV:        It affects your evasion (+2).
   HP:        It affects your health (+2).
   rCorr:     It protects you from acid and corrosion.
   SH:        It affects your SH (+2).
Wands
 p - a wand of digging (9)
 r - a wand of quicksilver (10)
 D - a wand of roots (33)
 I - a wand of paralysis (18)
 W - a wand of mindburst (15)
Scrolls
 e - a scroll of enchant armour
 i - 2 scrolls of magic mapping
 j - 11 scrolls of teleportation
 m - 6 scrolls of blinking
 n - 6 scrolls of fear
 H - 7 scrolls of fog
 J - 2 scrolls of vulnerability
 K - a scroll of summoning
 O - 3 scrolls of poison
 Y - 7 scrolls of immolation
 Z - 4 scrolls of silence
Potions
 d - 3 potions of berserk rage
 f - a potion of ambrosia
 g - 12 potions of curing
 k - 6 potions of resistance
 l - 8 potions of invisibility
 o - 7 potions of brilliance
 q - 6 potions of might
 t - 5 potions of heal wounds
 x - 6 potions of haste
 A - 10 potions of cancellation
Miscellaneous
 s - a box of beasts
 u - a phantom mirror
 y - a tin of tremorstones (2/2)
 L - a phial of floods
 U - a condenser vane
 V - a lightning rod (4/4)


   Skills:
 - Level 18.8(27) Fighting
 - Level 3.2(8.2) Short Blades
 - Level 13.8(20.0) Polearms
 - Level 16.2 Throwing
 - Level 16.7(21.6) Armour
 + Level 20.5(22.8) Dodging
 + Level 16.2(18.7) Stealth
 - Level 18.1(23.0) Shields
 - Level 21.0(27) Spellcasting
 - Level 20.4(24.0) Evocations


You had one spell level left.
You knew the following spells:

 Your Spells              Type           Power      Damage    Failure   Level
a - Freeze                Ice            100%       1d10      0%          1
b - Frozen Ramparts       Ice            100%       1d16      0%          3
c - Ozocubu's Armour      Ice            100%       N/A       0%          3
d - Summon Ice Beast      Ice/Summ       100%       N/A       0%          4
e - Apportation           Tloc           100%       N/A       0%          1
f - Scorch                Fire           100%       2d10      0%          2
g - Passwall              Tmut/Erth      100%       N/A       0%          2
h - Portal Projectile     Hex/Tloc       100%       N/A       0%          3
i - Lee's Rapid Deconstr  Erth           69%        3d31*     0%          5
j - Agony                 Necr           100%       N/A       0%          5
k - Iron Shot             Conj/Erth      69%        9d13      0%          6
l - Infestation           Necr           69%        N/A       1%          8
m - Dragon Form           Tmut           69%        N/A       1%          7
n - Ignition              Fire           69%        3d18      1%          8
o - Dragon's Call         Summ           69%        N/A       2%          9
y - Death Channel         Necr           69%        N/A       0%          6
z - Summon Cactus Giant   Summ           69%        N/A       0%          6
Your spell library was empty.

Dungeon Overview and Level Annotations

Branches:
Dungeon (15/15)            Temple (1/1) D:5            Lair (5/5) D:9
  Swamp (4/4) Lair:3        Snake (4/4) Lair:2        Slime (5/5) Lair:5
    Orc (2/2) D:11            Elf (3/3) Orc:2        Vaults (5/5) D:13
  Crypt (3/3) Vaults:3       Tomb (1/3) Crypt:3      Depths (4/4) D:15
   Hell (visited)             Dis (0/7) Hell            Geh (0/7) Hell
    Coc (0/7) Hell            Tar (0/7) Hell            Zot (5/5) Depths:4
 WizLab (visited)

Altars:
Ashenzari
Hepliaklqana
Makhleb
Okawaru
Qazlal
Uskayaw
Jiyva

Shops:
D:3 ((   D:9 :*   D:15 :   Orc:1 **[*   Orc:2 !?(*   Elf:1 (   Elf:2 *(
Elf:3 (   Snake:2 (*(?   Snake:3 ?   Snake:4 :==(   Vaults:3 [   Vaults:5 *
Depths:1 ?   Depths:2 :

Portals:
Hell: Depths:1 Depths:2 Depths:3 Depths:4
Abyss: Depths:3 Depths:4
Pandemonium: Depths:1 Depths:2

Annotations:
Lair:2 exclusion: oklob plant
Elf:1 3 runed translucent doors, ragingrage's ghost, adept TrFi
Crypt:2 3 runed translucent doors, Pooter's ghost, adept MiBe


Innate Abilities, Weirdness & Mutations

You are immune to sickness and miasma.
You are immune to poison.
Your flesh is very heat resistant. (rF++)
You are vulnerable to cold. (rC-)
You float through the air rather than walking.
You learn spells naturally, not from books.
Your magical power is your life essence.
You have superior vitality. (+4 MHP)
You are partially covered in iridescent scales. (AC +2)
Armour fits poorly on your strangely shaped body.
Your body sometimes deteriorates upon taking damage.
You are dopey. (Int -2)
You are very robust. (+20% HP)
Potions are less effective at restoring your health.
You have hidden genetic defects.


Message History

(D) Dungeon (T) Temple (L) Lair (S) Swamp (P) Snake Pit (M) Slime Pits (O) Orcish Mines (E) Elven Halls (V) Vaults (C) Crypt (W) Tomb (U) Depths (H) Hell (I) Dis (G) Gehenna (X) Cocytus (Y) Tartarus (Z) Zot
Where to? (Enter - D:3, ? - help)
You see here a +0 robe.
Things that are here:
a +0 leather armour; a +0 hand axe You see here a +0 leather armour.
There is a stone staircase leading up here.
You fly upwards.
There is a stone staircase leading down here.
Unknown command.
A reaper comes into view.
It is wielding a +1 scythe of distortion.
Casting: Lee's Rapid Deconstruction (safe; 0% risk of failure)
Confirm with . or Enter, or press ? or * to list all spells.
Aiming: Lee's Rapid Deconstruction (safe; 0% risk of failure)
Press: ? - help, Dir - move target A rock wall.
The wall shatters!
The blast of rock fragments hits the reaper!!!
The reaper is almost dead.
Unknown command.
Casting: Lee's Rapid Deconstruction (safe; 0% risk of failure)
Confirm with . or Enter, or press ? or * to list all spells.
Aiming: Lee's Rapid Deconstruction (safe; 0% risk of failure)
Press: ? - help, Dir - move target A rock wall.
The wall shatters!
The blast of rock fragments hits the reaper!!
You kill the reaper!
Unknown command.
You see here a +1 scythe of distortion.
There is an open door here.
There is a fountain of clear blue water here.
There is an open door here.
There is a staircase leading out of the dungeon here.
There is a staircase leading out of the dungeon here.
You have escaped!

######################
.....................#
.###########.#######.# .# #.# #.#
.# #.# #.# .# #.######### .#
#.##...# ##### .# #.##.@.#
#...###### .# #.##...# #.........
.# #.###'### #.......). .# #####
#.'.....#####........#
.####...######.....#...#....###.#
.............#..⌠..+.8.#...## #.#
....#..).....#.....#...##.#####.#
###.##.#####.'.....#####.........
# #.##.# #####'### #..#####.>


There were no monsters in sight!

Vanquished Creatures
  the Royal Jelly (Slime:5)
  Dissolution (Slime:3)
  3 ancient liches
  3 dread liches
  4 orbs of fire
  2 juggernauts
  A royal mummy (Tomb:1)
  Boris (twice) (Depths:4 Crypt:1)
  Sojobo (Vaults:2)
  7 caustic shrikes
  Vashnia (Snake:2)
  2 Killer Klowns
  Margery (Vaults:2)
  4 curse toes
  Nikola (Swamp:3)
  Geryon (Hell)
  18 golden dragons
  6 bone dragons
  3 electric golems
  A Tzitzimitl (D:10)
  A Cloud Mage (WizLab)
  9 tentacled monstrosities
  Mlioglotl (Snake:1)
  A Hell Sentinel (Abyss:1)
  Jorgrun (D:13)
  25 Orb Guardians
  11 quicksilver dragons
  3 deep elf blademasters
  10 liches
  7 titans
  22 acid blobs
  3 deep elf master archers
  9 death cobs
  3 Executioners
  6 ancient champions
  9 tentacled starspawn (Abyss:1)
  8 storm dragons
  6 sphinxes
  8 rockslimes
  13 shadow dragons
  9 tengu reavers
  2 revenants
  A thorn hunter (Swamp:2)
  4 draconian monks
  A daeva (Abyss:1)
  6 azure jellies
  7 nagarajas
  11 deep elf sorcerers
  A fenstrider witch (Swamp:3)
  11 fire giants
  A balrug (Depths:4)
  5 iron dragons
  A caustic shrike zombie (Abyss:1)
  16 vault wardens
  6 draconian stormcallers
  9 frost giants
  A juggernaut skeleton (Abyss:1)
  11 ghouls
  4 deep elf elementalists (Elf:3)
  A curse skull (Zig:8)
  Aizul (Elf:2)
  2 ghost moths
  3 war gargoyles
  3 orc warlords
  15 quicksilver oozes
  2 draconian shifters
  19 very ugly things
  15 ironbound preservers
  2 spriggan defenders (Depths:2)
  A draconian annihilator (Zot:5)
  5 reapers
  11 stone giants
  6 black draconians
  4 white draconians
  9 deep elf demonologists
  8 ironbound thunderhulks
  2 green draconians
  7 vampire knights
  An eleionoma (Swamp:3)
  10 deep elf annihilators
  2 red draconians
  10 bunyips
  2 demonspawn black suns (Zig:8)
  10 spark wasps
  A yellow draconian (Zot:1)
  14 dire elephants
  5 blizzard demons
  6 deep elf death magi
  3 purple draconians
  3 eidola
  A merfolk javelineer (Zig:5)
  Josephine (D:14)
  6 mummy priests
  10 deep elf high priests
  11 ettins
  5 fire dragons
  9 jiangshi
  2 shambling mangroves
  2 crystal guardians
  3 entropy weavers
  10 great orbs of eyes
  2 green deaths
  11 hydras
  3 spriggan zombies
  37 vault guards
  3 rakshasas
  12 yaktaur captains
  7 ice dragons
  A salamander tyrant (Snake:4)
  Harold (Orc:1)
  10 ghost crabs
  Erica (D:10)
  12 centaur warriors
  4 spriggan air magi
  2 jorogumos (Zig:3)
  11 ironbound frosthearts
  2 peacekeepers
  2 spriggan skeletons (Abyss:1)
  6 tengu warriors
  8 anacondas
  3 catoblepae
  32 dancing weapons
  7 two-headed ogres
  A satyr (Zig:5)
  7 boulder beetles
  8 death scarabs
  8 vampire magi
  13 alligators
  10 deep troll earth magi
  15 naga warriors
  8 death yaks
  Urug (D:10)
  9 deep troll shamans
  A shock serpent (shapeshifter) (Vaults:5)
  7 hell hogs
  A titan zombie (D:15)
  5 orc high priests
  6 thrashing horrors (Abyss:1)
  18 naga sharpshooters
  12 shock serpents
  4 soul eaters
  Sonja (D:12)
  Nergalle (D:10)
  18 iron trolls
  A storm dragon zombie (D:15)
  3 sun demons
  19 deep elf knights
  15 hell knights
  Amaemon (D:8)
  A titan skeleton (Crypt:2)
  3 sixfirhies
  5 wretched stars (Abyss:1)
  2 storm dragon skeletons
  3 sea snakes
  9 spriggans
  6 goliath frogs
  A bunyip zombie (Crypt:1)
  4 salamander mystics
  3 shadow wraiths
  A spark wasp zombie (D:15)
  38 skeletal warriors
  7 death drakes
  4 glowing orange brains
  2 shadow demons
  2 spectral hydras (Swamp:4)
  70 deep trolls
  7 swamp dragons
  2 obsidian statues (Zig:9)
  3 flayed ghosts
  21 ironbound convokers
  7 wizards
  5 naga ritualists (Snake:4)
  13 bog bodies
  2 anaconda skeletons
  A tengu zombie (D:15)
  7 spriggan druids
  A shadow dragon zombie (Crypt:2)
  2 orb spiders (Depths:1)
  11 harpies
  7 lindwurms
  12 phantasmal warriors
  15 deep elf archers
  17 starcursed masses (Abyss:1)
  A wolf spider zombie (Crypt:1)
  An iron dragon zombie (Hell)
  33 deep elf zephyrmancers
  30 deep elf pyromancers
  A fenstrider witch simulacrum (Crypt:2)
  10 orc knights
  An orange crystal statue (Zig:9)
  A harpy (shapeshifter) (Depths:3)
  8 necromancers
  9 cyclopes
  A stone giant zombie (Tomb:1)
  A fire giant zombie (Hell)
  2 wolf spiders (shapeshifter)
  3 human zombies (Vaults:2)
  9 mana vipers
  6 oklob plants
  A manticore (D:15)
  5 orc sorcerers
  4 will-o-the-wisps
  7 worldbinders (Abyss:1)
  20 moths of wrath
  A faun (Zig:5)
  2 moths of wrath (shapeshifter)
  46 ugly things
  7 shining eyes
  16 salamanders
  A dire elephant zombie (Crypt:2)
  32 elephants
  2 rust devils
  8 guardian serpents
  Maurice (D:9)
  3 ice statues
  2 eyes of devastation
  A centaur zombie (Crypt:2)
  7 apocalypse crabs
  16 vault sentinels
  A water nymph (shapeshifter) (Vaults:5)
  27 black mambas
  5 orange demons
  3 molten gargoyles
  An elephant (shapeshifter) (Elf:1)
  13 naga magi
  A torpor snail (shapeshifter) (Vaults:5)
  Joseph (D:8)
  A centaur skeleton (Abyss:1)
  2 gargoyles (D:12)
  8 torpor snails
  11 cane toads
  8 smoke demons
  A rime drake (shapeshifter) (D:13)
  2 demonic crawlers
  A catoblepas zombie (Crypt:1)
  6 swamp worm zombies
  17 yaktaurs
  A dire elephant skeleton (Abyss:1)
  A yellow draconian zombie (Crypt:2)
  6 rime drakes
  A hellion (Hell)
  5 unseen horrors
  A kobold demonologist (Depths:4)
  4 tengu conjurers
  An ice devil (Abyss:1)
  An efreet (D:14)
  An anaconda simulacrum (Hell)
  4 hellwings (Abyss:1)
  A purple draconian skeleton (Crypt:1)
  8 freezing wraiths
  14 komodo dragons
  11 guardian mummies
  3 red devils
  2 hydra zombies (Swamp:4)
  4 meliai
  9 ancient zymes (Abyss:1)
  18 hornets
  13 trolls
  2 polar bears
  13 raiju (Abyss:1)
  14 tyrant leeches
  4 wind drakes
  A spectral swamp dragon (Swamp:4)
  2 bloated husks
  9 blink frogs
  3 alligator zombies (Swamp:4)
  77 slime creatures
  A wind drake (shapeshifter) (Depths:3)
  2 dream sheep (Lair:5)
  A fire giant simulacrum (Vaults:2)
  17 flying skulls
  A fire dragon skeleton (Crypt:3)
  A jumping spider (Vaults:1)
  2 ettin skeletons
  3 shadows
  7 water elementals
  A spriggan (shapeshifter) (D:9)
  A vampire (D:10)
  8 air elementals
  9 ynoxinuls (Abyss:1)
  2 yaks (shapeshifter)
  A dire elephant simulacrum (Crypt:2)
  28 small abominations
  55 yaks
  A culicivora (Vaults:1)
  13 wraiths
  2 hogs (Swamp:2)
  2 fire bats (Abyss:1)
  3 ushabtiu
  7 fire elementals
  Grum (D:8)
  5 basilisks
  9 neqoxecs (Abyss:1)
  A redback (shapeshifter) (Vaults:5)
  3 wyverns
  4 golden eyes
  9 vampire mosquitoes
  9 chaos spawn
  A water nymph zombie (Crypt:2)
  3 steam dragons
  10 swamp worms
  28 nagas
  A glowing shapeshifter zombie (Hell)
  33 large abominations
  2 wargs
  2 redbacks (Vaults:1)
  2 two-headed ogre zombies (D:11)
  A floating eye (Depths:3)
  A fire bat skeleton (Crypt:2)
  2 hydra simulacra
  17 water moccasins
  A sky beast (D:8)
  3 ice beasts
  4 swamp drakes
  57 orc warriors
  6 swamp dragon zombies
  2 black bears
  An elephant zombie (Crypt:3)
  2 ogres (Orc:1)
  22 wolves
  11 centaurs
  A boggart (D:11)
  12 phantoms
  3 kobold brigands
  A salamander zombie (Crypt:2)
  11 bullfrogs
  4 necrophages
  2 gnoll sergeants
  5 scorpions
  A yaktaur skeleton (Crypt:3)
  3 earth elementals
  A water moccasin zombie (Crypt:2)
  5 wights
  A raiju zombie (Crypt:2)
  2 troll zombies (D:11)
  13 killer bees
  A wolf zombie (Crypt:1)
  3 electric eels (Snake:1)
  10 howler monkeys
  5 quasits (Abyss:1)
  A lava snake (D:13)
  An iron imp (Abyss:1)
  30 orc priests
  7 hounds
  3 gnoll boudas
  Terence (D:3)
  5 iguanas
  21 orc wizards
  2 spectral swamp drakes (Swamp:4)
  4 ogre zombies (D:11)
  A deep dwarf skeleton (Crypt:2)
  An ogre skeleton (Crypt:3)
  20 mummies
  A howler monkey zombie (Crypt:2)
  20 gnolls
  3 swamp drake zombies (Swamp:4)
  9 adders
  A shadow imp (Abyss:1)
  7 white imps
  4 ufetubi (Abyss:1)
  5 worms
  3 dart slugs
  94 orcs
  2 bat zombies
  4 endoplasms
  2 giant cockroaches
  8 goblins
  11 hobgoblins
  5 jackals
  16 kobolds
  2 quokkas
  4 ball pythons
  A ball python skeleton (Crypt:1)
  5 bats
  A dart slug zombie (Crypt:1)
  3 frilled lizards
  5 goblin zombies (D:11)
  A hobgoblin skeleton (D:11)
  A hobgoblin zombie (Crypt:3)
  An orc skeleton (D:11)
  18 orc zombies (D:11)
  7 rats
  A lurking horror (Abyss:1)
  3 starspawn tentacles (Abyss:1)
2725 creatures vanquished.

Vanquished Creatures (collateral kills)
  A dread lich (Zot:5)
  2 orbs of fire (Zot:5)
  3 royal mummies (Zig:10)
  3 Killer Klowns (Zot:5)
  Parghit (Depths:4)
  A golden dragon (Depths:3)
  2 tentacled monstrosities (Zot:3)
  An Orb Guardian (Zot:5)
  A quicksilver dragon (Zot:5)
  2 acid blobs
  4 sphinxes (Tomb:1)
  A death cob (Zot:5)
  Kirke (Swamp:2)
  A storm dragon (Zot:3)
  An azure jelly (Slime:1)
  A revenant (Hell)
  3 vault wardens
  An ironbound thunderhulk (Vaults:4)
  A quicksilver ooze (Slime:2)
  4 ironbound preservers
  A very ugly thing (Depths:2)
  2 blizzard demons (Hell)
  A mummy priest (Tomb:1)
  A fire dragon (Lair:5)
  A spriggan zombie (Hell)
  2 vault guards (Vaults:4)
  An ironbound frostheart (Vaults:1)
  A spriggan air mage (Depths:3)
  A centaur warrior (D:14)
  2 naga warriors
  5 death scarabs (Tomb:1)
  A shock serpent (Snake:4)
  An orc high priest (Orc:2)
  A sun demon (Hell)
  A deep elf knight (Elf:2)
  2 storm dragon zombies (Hell)
  2 spark wasp zombies (Hell)
  12 deep trolls
  A shadow dragon zombie (Hell)
  A lindwurm (Vaults:1)
  A tengu zombie (Hell)
  3 orc knights
  A deep elf pyromancer (Elf:2)
  A golden dragon skeleton (Zig:10)
  4 harpies (Vaults:2)
  An ironbound convoker (Vaults:4)
  A sphinx zombie (Hell)
  An anaconda skeleton (Hell)
  3 ugly things
  A frost giant zombie (Hell)
  A fire giant zombie (Hell)
  2 salamanders
  A stone giant zombie (Hell)
  2 moths of wrath
  A black mamba (Snake:4)
  3 smoke demons (Hell)
  A gargoyle (D:13)
  5 vault sentinels
  2 molten gargoyles (Hell)
  A sea snake zombie (Hell)
  A yaktaur (Vaults:2)
  A guardian mummy (Tomb:1)
  2 sea snake skeletons (Hell)
  A troll (Orc:2)
  2 red devils (Hell)
  A hornet (Swamp:3)
  A hydra skeleton (Hell)
  33 slime creatures
  A flying skull (Tomb:1)
  2 spriggans (Swamp:3)
  An ushabti (Tomb:1)
  2 wraiths (D:14)
  A wyvern (Lair:5)
  A glowing shapeshifter zombie (Hell)
  2 orc warriors
  A necrophage (Crypt:1)
  3 wights (D:10)
  A howler monkey (D:9)
  3 orc priests
  2 orc wizards
  4 hell rats (Hell)
  2 mummies (Tomb:1)
  3 orcs
  A kobold (D:10)
183 creatures vanquished.

Vanquished Creatures (others)
  A naga mage (Snake:2)
  3 bloated husks
  A human (Swamp:2)
  A kobold brigand (D:10)
  A small abomination (Abyss:1)
  4 foxfires
  71 fungi
  134 plants
  28 starspawn tentacles (Abyss:1)
  23 withered plants
267 creatures vanquished.

Grand Total: 3175 creatures vanquished

Notes
Turn   | Place    | Note
-------+----------+-------------------------------------------
     0 | D:1      | Zonian the Djinni Ice Elementalist began the quest for the
                  | Orb.
     0 | D:1      | Zonian set off with the following spells memorised: Freeze,
                  | Frozen Ramparts, Ozocubu's Armour, Summon Ice Beast.
     0 | D:1      | Reached XP level 1. HP: 15/15 MP: 0/0
   283 | D:1      | Reached XP level 2. HP: 20/21 MP: 0/0
  1088 | D:2      | Reached XP level 3. HP: 23/25 MP: 0/0
  1088 | D:2      | Learned a level 1 spell: Apportation
  1694 | D:2      | Gained mutation: You are robust. (+10% HP) [potion of
                  | mutation]
  1694 | D:2      | Gained mutation: Your muscles are strong. (Str +4, Int/Dex
                  | -1) [potion of mutation]
  1694 | D:2      | Gained mutation: You are very robust. (+20% HP) [potion of
                  | mutation]
  1751 | D:2      | Reached XP level 4. HP: 32/37 MP: 0/0
  2778 | D:3      | Noticed Terence
  2887 | D:3      | Found Mustrati's Antique Weapon Boutique.
  3010 | D:3      | Reached XP level 5. HP: 39/42 MP: 0/0
  3010 | D:3      | Learned a level 2 spell: Scorch
  3070 | D:3      | Found Dorchov's Weapon Boutique.
  3985 | D:4      | Reached skill level 4 in Spellcasting
  4116 | D:5      | Entered Level 5 of the Dungeon
  4151 | D:5      | Reached XP level 6. HP: 22/48 MP: 0/0
  4484 | D:5      | Found a staircase to the Ecumenical Temple.
  4495 | Temple   | Entered the Ecumenical Temple
  4516 | Temple   | Became a worshipper of Ashenzari the Shackled
  4653 | D:5      | Reached XP level 7. HP: 25/54 MP: 0/0
  4653 | D:5      | Learned a level 2 spell: Passwall
  4705 | D:5      | Reached skill level 5 in Dodging
  4997 | D:5      | Reached XP level 8. HP: 36/60 MP: 0/0
  5133 | D:5      | Reached skill level 5 in Spellcasting
  6757 | D:6      | Noticed a red ugly thing
  6861 | D:6      | Killed a red ugly thing
  6862 | D:6      | Reached skill level 5 in Stealth
  7140 | D:6      | Reached XP level 9. HP: 42/66 MP: 0/0
  7140 | D:6      | Learned a level 3 spell: Portal Projectile
  7482 | D:6      | Identified a scroll of acquirement
  7482 | D:6      | Acquired the +1 cloak "Lyas" {+Blink rN++}
  8432 | D:6      | Reached skill level 6 in Spellcasting
  8873 | D:6      | Noticed a two-headed ogre
  8941 | D:6      | Killed a two-headed ogre
  9588 | D:7      | Reached XP level 10. HP: 64/72 MP: 0/0
  9589 | D:7      | Paralysed by an orc for 4 turns
 10071 | D:7      | Reached skill level 1 in Shields
 10281 | D:7      | Reached skill level 7 in Spellcasting
 10698 | D:7      | Found a burning altar of Makhleb.
 10698 | D:7      | Found an iron altar of Okawaru.
 11206 | D:8      | Noticed Grum
 11235 | D:8      | Killed Grum
 11809 | D:3      | Bought an ichor-stained hand axe for 192 gold pieces
 11809 | D:3      | Identified the +3 hand axe of the Crafting Coward {freeze,
                  | rElec rPois Will- Int+8} (You bought it in a shop on level
                  | 3 of the Dungeon)
 11842 | D:3      | Killed Terence
 11869 | D:3      | Bought a +5 trident of venom for 343 gold pieces
 12205 | D:8      | Noticed Joseph
 12551 | D:8      | Killed Joseph
 12552 | D:8      | Reached skill level 5 in Shields
 12660 | D:8      | Noticed Amaemon
 12675 | D:8      | Killed Amaemon
 12676 | D:8      | Reached skill level 8 in Spellcasting
 13025 | D:8      | Reached XP level 11. HP: 75/78 MP: 0/0
 13025 | D:8      | Learned a level 5 spell: Lee's Rapid Deconstruction
 13233 | D:9      | Reached skill level 9 in Spellcasting
 13628 | D:9      | Found a staircase to the Lair.
 13690 | D:9      | Noticed Maurice
 13700 | D:9      | Killed Maurice
 13701 | D:9      | Reached skill level 10 in Spellcasting
 13991 | D:9      | Found Atutash's Lightly-Used Armoury.
 14448 | D:9      | Noticed a skeletal warrior
 14534 | D:9      | Found Qikiepn's Book Shop.
 14660 | D:9      | Noticed a boulder beetle
 14707 | D:9      | Reached XP level 12. HP: 82/84 MP: 0/0
 14720 | D:9      | Reached skill level 11 in Spellcasting
 14769 | D:9      | Noticed an entropy weaver
 14819 | Lair:1   | Entered Level 1 of the Lair of Beasts
 16130 | Lair:1   | Reached * piety under Ashenzari
 16306 | Lair:1   | Reached skill level 12 in Spellcasting
 16771 | Lair:1   | Reached skill level 1 in Fighting
 16771 | Lair:1   | Reached skill level 1 in Polearms
 17579 | Lair:2   | Identified the +1 plate armour of Xuoxiasch {*Slow rN+++
                  | Int+3 Dex-5}
 18267 | Lair:2   | Reached ** piety under Ashenzari
 19232 | Lair:2   | Reached XP level 13. HP: 91/105 MP: 0/0
 19232 | Lair:2   | Learned a level 5 spell: Agony
 19241 | Lair:2   | Reached skill level 5 in Fighting
 19575 | Lair:2   | Reached skill level 5 in Polearms
 19611 | Lair:2   | Found a staircase to the Snake Pit.
 19974 | Lair:3   | Noticed a catoblepas
 21169 | Lair:3   | Reached *** piety under Ashenzari
 21425 | Lair:3   | Killed a catoblepas
 21788 | Lair:3   | Found a staircase to the Swamp.
 23390 | Lair:5   | Entered Level 5 of the Lair of Beasts
 23592 | Lair:5   | Noticed a six-headed hydra
 24605 | Lair:4   | Reached XP level 14. HP: 108/128 MP: 0/0
 25704 | Lair:5   | Reached skill level 10 in Fighting
 26102 | Lair:5   | Reached **** piety under Ashenzari
 26734 | Lair:5   | Found a runed translucent door.
 27264 | Lair:5   | Found a staircase to the Slime Pits.
 29172 | Lair:4   | Reached XP level 15. HP: 130/146 MP: 0/0
 29172 | Lair:4   | Learned a level 6 spell: Summon Cactus Giant
 29772 | Lair:5   | Reached skill level 10 in Polearms
 32091 | D:10     | Entered Level 10 of the Dungeon
 32096 | D:10     | Noticed Nergalle
 32187 | D:10     | Found a transporter.
 32243 | D:10     | Noticed Erica
 32256 | D:10     | Killed Erica
 32300 | D:10     | Noticed Urug
 32305 | D:10     | Killed Urug
 32850 | D:10     | Killed Nergalle
 33835 | D:11     | Found a staircase to the Orcish Mines.
 35018 | D:12     | Reached ***** piety under Ashenzari
 35059 | D:12     | Noticed Sonja
 35067 | D:12     | Killed Sonja
 35302 | D:12     | Reached skill level 1 in Evocations
 36204 | D:13     | Reached XP level 16. HP: 125/163 MP: 0/0
 36455 | D:13     | Noticed Jorgrun
 36473 | D:13     | Killed Jorgrun
 36474 | D:13     | Reached skill level 5 in Evocations
 37361 | D:13     | Found a gate to the Vaults.
 37457 | D:14     | Reached skill level 1 in Armour
 38140 | D:14     | Reached skill level 5 in Armour
 39254 | D:14     | Noticed Josephine
 39291 | D:14     | Killed Josephine
 39724 | D:15     | Entered Level 15 of the Dungeon
 40296 | D:15     | Found Ecve's Book Shop.
 40683 | D:15     | Found a staircase to the Depths.
 41611 | D:15     | Found a hide-covered altar of Uskayaw.
 41677 | D:15     | Reached XP level 17. HP: 123/165 MP: 0/0
 41677 | D:15     | Learned a level 6 spell: Death Channel
 42142 | Orc:1    | Entered Level 1 of the Orcish Mines
 42205 | Orc:1    | Paralysed by an orc sorcerer for 4 turns
 42711 | Orc:1    | Found Daiph's Assorted Antiques.
 42727 | Orc:1    | Bought a potion of resistance for 240 gold pieces
 42913 | Orc:1    | Found Saney's Assorted Antiques.
 42922 | Orc:1    | Bought a scroll of fear for 128 gold pieces
 43000 | Orc:2    | Entered Level 2 of the Orcish Mines
 43146 | Orc:2    | Found a staircase to the Elven Halls.
 43202 | Orc:2    | Reached skill level 10 in Evocations
 44425 | Orc:2    | Found Rasuuhuw's Distillery.
 44425 | Orc:2    | Found Curuamidu's General Store.
 44426 | Orc:2    | Found Zekisocw's Magic Scroll Emporium.
 44426 | Orc:2    | Found Osmeab's Antique Weapon Shoppe.
 44433 | Orc:2    | Bought a potion of invisibility for 88 gold pieces
 44433 | Orc:2    | Bought a potion of heal wounds for 55 gold pieces
 44433 | Orc:2    | Bought a potion of haste for 110 gold pieces
 44433 | Orc:2    | Bought a potion of might for 44 gold pieces
 44434 | Orc:2    | Bought a scroll of teleportation for 45 gold pieces
 44434 | Orc:2    | Bought a scroll of teleportation for 45 gold pieces
 44438 | Orc:2    | Bought a potion of heal wounds for 80 gold pieces
 44438 | Orc:2    | Bought a tin of tremorstones (2/2) for 640 gold pieces
 44438 | Orc:2    | Bought a potion of heal wounds for 80 gold pieces
 44548 | Orc:1    | Found Unotops's General Store.
 44586 | Orc:1    | Noticed Harold
 44588 | Orc:1    | Killed Harold
 44589 | Orc:1    | Found Poasych's Armour Emporium.
 44868 | Snake:1  | Entered Level 1 of the Snake Pit
 45542 | Snake:1  | Noticed Mlioglotl
 45556 | Snake:1  | Killed Mlioglotl
 47390 | Snake:2  | Found Kanaigg's Weapon Shop.
 47478 | Snake:2  | Found Juiddaxo's Magic Scroll Shop.
 47478 | Snake:2  | Found Yluymool's Weapon Boutique.
 47481 | Snake:2  | Found Epagianu's General Store.
 47489 | Snake:2  | Reached skill level 10 in Dodging
 47494 | Snake:2  | Bought a scroll of fog for 68 gold pieces
 47497 | Snake:2  | Bought a potion of cancellation for 160 gold pieces
 47497 | Snake:2  | Bought a potion of heal wounds for 100 gold pieces
 47497 | Snake:2  | Bought a potion of heal wounds for 100 gold pieces
 48313 | Snake:2  | Noticed Vashnia
 48324 | Snake:2  | Killed Vashnia
 49284 | Snake:3  | Reached XP level 18. HP: 142/177 MP: 0/0
 49848 | Snake:3  | Found Xusodunau's Magic Scroll Boutique.
 49863 | Snake:3  | Bought a scroll of teleportation for 42 gold pieces
 51970 | Snake:4  | Entered Level 4 of the Snake Pit
 51994 | Snake:4  | Reached skill level 10 in Stealth
 53815 | Snake:4  | Found Efoazymin's Book Boutique.
 53815 | Snake:4  | Found Ydaghoy's Jewellery Shoppe.
 53816 | Snake:4  | Found Qarriec's Jewellery Shoppe.
 54064 | Snake:4  | Found Gacuhog's Weapon Shop.
 55276 | Snake:4  | Reached skill level 13 in Spellcasting
 55748 | Snake:4  | Reached XP level 19. HP: 77/184 MP: 0/0
 55748 | Snake:4  | Learned a level 6 spell: Iron Shot
 57176 | Snake:4  | Got a serpentine rune of Zot
 57523 | Swamp:1  | Entered Level 1 of the Swamp
 58545 | Swamp:1  | Reached skill level 14 in Spellcasting
 59627 | Swamp:2  | Noticed Kirke
 59969 | Swamp:2  | Killed Kirke
 62122 | Swamp:3  | Noticed Nikola
 62589 | Swamp:3  | Noticed a tentacled monstrosity
 63490 | Swamp:3  | Killed a tentacled monstrosity
 63575 | Swamp:3  | Killed Nikola
 63728 | Swamp:4  | Entered Level 4 of the Swamp
 64145 | Swamp:4  | Reached XP level 20. HP: 163/199 MP: 0/0
 64981 | Swamp:4  | Noticed a bone dragon
 67335 | Swamp:4  | Got a decaying rune of Zot
 67385 | Swamp:4  | Killed a bone dragon
 67885 | Elf:1    | Entered Level 1 of the Elven Halls
 68140 | Elf:1    | Reached skill level 10 in Armour
 68495 | Elf:1    | Found Tamesam's Weapon Boutique.
 68627 | Elf:1    | Reached skill level 10 in Shields
 68781 | Elf:1    | Found a runed translucent gate.
 68781 | Elf:1    | Noticed ragingrage's ghost (adept TrFi)
 68782 | Elf:1    | Found a runed translucent gate.
 68784 | Elf:1    | Found a runed translucent gate.
 68787 | Elf:1    | Found a viscous altar of Jiyva.
 70857 | Elf:2    | Acquired the +3 demon trident "Yfunibb" {speed, rN++ Will+}
 70869 | Elf:2    | Found Zuygi's Antique Weapon Shop.
 70877 | Elf:2    | Bought a crude trident for 391 gold pieces
 70877 | Elf:2    | Identified the +4 trident "Arbiter" {flame, Str+5 Int-2
                  | SInv} (You bought it in a shop on level 2 of the Elven
                  | Halls)
 71210 | Elf:2    | Found a runed translucent gate.
 71211 | Elf:2    | Found a runed translucent gate.
 71211 | Elf:2    | Found a runed translucent gate.
 71239 | Elf:2    | Found Herobewn's Gadget Gallery.
 71253 | Elf:2    | Bought a wand of quicksilver (5) for 231 gold pieces
 71514 | Elf:3    | Entered Level 3 of the Elven Halls
 71677 | Elf:3    | Found Teteecoq's Weapon Shop.
 71686 | Elf:3    | Bought 6 boomerangs of dispersal for 99 gold pieces
 71727 | Elf:3    | Reached XP level 21. HP: 182/205 MP: 0/0
 71727 | Elf:3    | Learned a level 8 spell: Infestation
 72012 | Elf:3    | Reached skill level 15 in Spellcasting
 73223 | Elf:3    | Identified the +8 scimitar "Mud Pie of Death" {vorpal,
                  | Dex+4}
 73732 | Elf:3    | Identified the +0 plate armour of Guunin {Will+}
 73732 | Elf:3    | Identified the +8 war axe of Oenomania {drain, rN+}
 73973 | Elf:3    | Identified the ring "Ciothu" {rC+ Int+6 Dex+6}
 74600 | Elf:3    | Reached skill level 16 in Spellcasting
 74604 | Elf:3    | Reached skill level 1 in Throwing
 74714 | Elf:3    | Identified the +9 spear of Pealuru {holy, rF+}
 74865 | Elf:3    | Identified the +6 spear of Modern Fortitude {elec, rElec
                  | Dex+3 Stlth-}
 74895 | Elf:3    | Identified Wifi's Reference Book on Red-Hot Minerals
 75921 | Elf:2    | Noticed Aizul
 75935 | Elf:2    | Killed Aizul
 76514 | Vaults:1 | Entered Level 1 of the Vaults
 77252 | Vaults:1 | Reached XP level 22. HP: 207/207 MP: 0/0
 77333 | Vaults:1 | Reached skill level 5 in Throwing
 79971 | Vaults:2 | Identified the +7 spear of Ozoom {freeze, rPois Dex+5}
 79982 | Vaults:2 | Noticed Margery
 79989 | Vaults:2 | Killed Margery
 79990 | Vaults:2 | Reached skill level 17 in Spellcasting
 81711 | Vaults:2 | Acquired a manual of Evocations
 82038 | Vaults:2 | Noticed Sojobo
 82046 | Vaults:2 | Killed Sojobo
 82047 | Vaults:2 | Reached XP level 23. HP: 157/216 MP: 0/0
 82047 | Vaults:2 | Learned a level 7 spell: Dragon Form
 82607 | Vaults:2 | Upgraded the game from 0.30-a0-377-g5cb311bc9f to
                  | 0.30-a0-381-g6ea064c7b4
 82656 | Vaults:3 | Found a staircase to the Crypt.
 83160 | Vaults:3 | Found a magical portal.
 83192 | WizLab   | Entered The Chambers of the Cloud Mage
 83407 | WizLab   | Reached skill level 10 in Throwing
 83718 | WizLab   | Reached skill level 15 in Evocations
 83964 | WizLab   | Paralysed by an air elemental for 1 turns
 84303 | WizLab   | Identified Bisoriss's Compendium of the Undead and Glamour
 84303 | WizLab   | Identified the ring of Vossireneg {Fly rC++ rN+ Int-5}
 84303 | WizLab   | Identified the Precepts of Fog
 84324 | WizLab   | Reached skill level 15 in Fighting
 84417 | Vaults:3 | Acquired a manual of Evocations
 84423 | Vaults:3 | Acquired the ring "Moutsuf" {rElec rC++ Str+6 Int+3 Dex+2}
 84427 | Vaults:3 | Acquired the +2 pair of gloves "Juloc" {rC+ Stlth+}
 84522 | Vaults:3 | Identified the +9 long sword of Wogeasuss {elec, rPois rF+
                  | SInv}
 85175 | Vaults:3 | Found Poederun's Armour Shoppe.
 85412 | Vaults:3 | Identified the cursed +0 helmet of Ashenzari's Paranoia
                  | {Self, Cun} (You found it on level 5 of the Dungeon)
 85412 | Vaults:3 | Identified the cursed +0 kite shield "Chained Together"
                  | {rC+ rF+, Self, Melee} (You found it on level 5 of the
                  | Dungeon)
 85412 | Vaults:3 | Identified the cursed +4 troll leather armour "Tethered
                  | Oracle" {Regen+, Melee, Cun} (You took it off a deep elf
                  | annihilator on level 3 of the Elven Halls)
 86135 | Vaults:4 | Found a portal to a secret trove of treasure.
 86147 | Vaults:4 | Reached XP level 24. HP: 189/220 MP: 0/0
 88898 | D:8      | Upgraded the game from 0.30-a0-381-g6ea064c7b4 to
                  | 0.30-a0-385-gfebfb9b408
 89575 | Vaults:4 | You paid a toll of +4 fire dragon scales to enter a
                  | treasure trove
 89576 | Trove    | Entered a treasure trove
 89578 | Trove    | Identified the +1 chain mail of the Hungering Gods {rF+++
                  | rC- MP+9 Stlth+}
 89578 | Trove    | Identified the +0 helmet of Generosity {Dex+3}
 89578 | Trove    | Identified the +1 pair of gloves "Perraig" {rN+ Will+ Dex-3
                  | Slay+2}
 89578 | Trove    | Identified the +11 shadow dragon scales "Firo" {Slay+5
                  | Stlth++++}
 89579 | Trove    | Identified the +5 ring mail "Awytuuni" {Will- Regen+ Str+5}
 89579 | Trove    | Identified the +2 helmet "Dokh" {Dex+4 SInv}
 89579 | Trove    | Identified the +1 pair of gloves of Ypacoxko {Drain +Blink
                  | rC+++ Dex-4}
 89579 | Trove    | Identified the -1 pair of gloves of Articulation {Harm
                  | rPois Will++ Stlth-}
 89579 | Trove    | Identified the +3 ring mail of the Lotus Blossom {Will+}
 89896 | Vaults:5 | Entered Level 5 of the Vaults
 91064 | Vaults:5 | Noticed an ancient lich
 91164 | Vaults:5 | Killed an ancient lich
 91469 | Vaults:5 | Reached XP level 25. HP: 213/242 MP: 0/0
 91469 | Vaults:5 | Learned a level 8 spell: Ignition
 91504 | Vaults:5 | Identified the ring "Qanapass" {Fire Str+3}
 91847 | Vaults:5 | Identified the +8 chain mail "Piwapl Geso" {Slay+3}
 92378 | Vaults:5 | Got a silver rune of Zot
 93397 | Vaults:5 | Found Irunu's General Store.
 93409 | Vaults:5 | Bought a potion of haste for 150 gold pieces
 93483 | Vaults:5 | Identified the +7 spear "Behe" {antimagic, rC++ Will-
                  | Dex+2}
 93493 | Vaults:5 | Identified the Volume of Sinister Arts
 93836 | Vaults:5 | Identified the Folio of the Eel
 94031 | Vaults:5 | Identified the +1 chain mail of Inviolability {rN+ Str-2
                  | Dex+7}
 94638 | Depths:1 | Entered Level 1 of the Depths
 96333 | Depths:1 | Found a gateway to Hell.
 96355 | Depths:1 | Found Hegol's Magic Scroll Shop.
 96363 | Depths:1 | Bought a scroll of teleportation for 54 gold pieces
 96363 | Depths:1 | Bought a scroll of teleportation for 54 gold pieces
 96604 | Depths:1 | Reached skill level 15 in Armour
 96816 | Depths:1 | Found a one-way gate leading to the halls of Pandemonium.
 97862 | Depths:2 | Found Pupruz's Book Shop.
 98193 | Depths:2 | Reached skill level 18 in Spellcasting
 98526 | Depths:2 | Reached XP level 26. HP: 230/252 MP: 0/0
100165 | Depths:3 | Noticed a juggernaut
100177 | Depths:3 | Killed a juggernaut
100186 | Depths:3 | Identified the Spellbook of the Atmosphere
101394 | Depths:3 | Upgraded the game from 0.30-a0-385-gfebfb9b408 to
                  | 0.30-a0-389-g8d7d949f56
101994 | Depths:3 | Found a one-way gateway to a ziggurat.
102619 | Depths:3 | Found a one-way gate to the infinite horrors of the Abyss.
103756 | Depths:4 | Entered Level 4 of the Depths
104063 | Depths:4 | Found a gate to the Realm of Zot.
104079 | Depths:4 | Reached skill level 1 in Short Blades
104376 | Depths:4 | Noticed Parghit
104392 | Depths:4 | Noticed Boris
104410 | Depths:4 | Killed Boris
105003 | Depths:4 | Noticed a juggernaut
105022 | Depths:4 | Killed a juggernaut
105085 | Depths:4 | Reached XP level 27. HP: 182/264 MP: 0/0
105085 | Depths:4 | Learned a level 9 spell: Dragon's Call
105649 | Vaults:5 | Bought a manual of Throwing for 1200 gold pieces
106190 | Orc:1    | Bought a wand of digging (4) for 268 gold pieces
106292 | Elf:2    | Bought a wand of digging (6) for 277 gold pieces
106292 | Elf:2    | Bought a wand of mindburst (7) for 107 gold pieces
106437 | Orc:2    | Bought a wand of roots (4) for 153 gold pieces
106437 | Orc:2    | Bought 5 curare-tipped darts for 48 gold pieces
108475 | Crypt:1  | Entered Level 1 of the Crypt
109225 | Crypt:1  | Noticed Boris
109241 | Crypt:1  | Killed Boris
109991 | Crypt:2  | Identified the +0 helmet of the Vestibule of Hell {Regen+
                  | rCorr Int+7}
110472 | Crypt:2  | Found a runed translucent gate.
110472 | Crypt:2  | Found a runed translucent gate.
110473 | Crypt:2  | Noticed an ancient lich
110474 | Crypt:2  | Found a runed translucent gate.
110475 | Crypt:2  | Noticed Pooter's ghost (adept MiBe)
110475 | Crypt:2  | Identified the ring of Lonism {*Slow rElec rN+ Slay+3}
110475 | Crypt:2  | Identified the +1 cloak of Classification {rCorr Dex+5}
110476 | Crypt:2  | Noticed an ancient lich
110477 | Crypt:2  | Identified the Handbook of Bewitchment
111433 | Crypt:3  | Entered Level 3 of the Crypt
111556 | Crypt:3  | Reached skill level 15 in Throwing
111652 | Crypt:3  | Identified the ring "Tiqakk" {Wiz rF++ Str-3}
111652 | Crypt:3  | Identified the +4 scale mail "Ateety" {Rampage rPois Dex+2}
111652 | Crypt:3  | Identified the +3 hand axe of Otutar {pain, rF+ rN+ Int+2}
111652 | Crypt:3  | Identified the Compendium of the Dark Welkin
111653 | Crypt:3  | Identified the Precepts of the Dead
112777 | Crypt:3  | Noticed a dread lich
112888 | Crypt:3  | Killed a dread lich
113111 | Crypt:3  | Found a staircase to the Tomb.
113715 | Slime:1  | Entered Level 1 of the Pits of Slime
113762 | Slime:2  | Gained mutation: You are partially covered in iridescent
                  | scales. (AC +2) [a shining eye]
113771 | Slime:2  | Reached skill level 19 in Spellcasting
114449 | Slime:4  | Noticed Dissolution
114464 | Slime:3  | Killed Dissolution
114751 | Slime:5  | Entered Level 5 of the Pits of Slime
114954 | Slime:4  | Gained mutation: You are strong-willed. (Will+) [a shining
                  | eye]
114955 | Slime:4  | Gained mutation: Your spells are a little easier to cast,
                  | but a little less powerful. [a shining eye]
114957 | Slime:4  | Gained mutation: Armour fits poorly on your strangely
                  | shaped body. [a shining eye]
115375 | Slime:5  | Noticed the Royal Jelly
115388 | Slime:5  | Killed the Royal Jelly
115622 | Slime:5  | Gained mutation: You occasionally shout uncontrollably at
                  | your foes. [a shining eye]
116357 | Slime:5  | Identified the +1 rapier "Worm" {distort, rF+ rN+}
116625 | Slime:5  | Identified the Discursus on the Caves and Embers
116626 | Slime:5  | Identified the Monograph on Transmutation
116626 | Slime:5  | Identified Reixuy's Second Course in Thaumaturgy
116627 | Slime:5  | Identified the Directory of Twisted Silt
116685 | Slime:5  | Identified the ring "Camange" {*Slow rC++ Will+ Dex+6 SInv}
116696 | Slime:5  | Got a slimy rune of Zot
116808 | Slime:5  | Gained mutation: You are occasionally teleported next to
                  | monsters. [a shining eye]
116846 | Slime:5  | Reached skill level 20 in Spellcasting
118002 | Zot:1    | Entered Level 1 of the Realm of Zot
119757 | Zot:2    | Noticed a Killer Klown
119776 | Zot:2    | Killed a Killer Klown
119782 | Zot:2    | Reached skill level 21 in Spellcasting
120076 | Zot:2    | Identified the +9 quarterstaff "Weloischu" {spect, rElec
                  | Int-2 Dex+4}
121953 | Zot:4    | Reached skill level 15 in Dodging
122265 | Zot:4    | Noticed an orb of fire
122927 | Zot:5    | Entered Level 5 of the Realm of Zot
122969 | Zot:4    | Killed an orb of fire
123196 | Depths:4 | Killed Parghit
123490 | Hell     | Entered the Vestibule of Hell
123490 | Hell     | Noticed Geryon
123496 | Hell     | Killed Geryon
124646 | Hell     | Found a gateway to the ashen valley of Gehenna.
124746 | Hell     | Found a gateway to the Iron City of Dis.
124835 | Hell     | Found a gateway to the freezing wastes of Cocytus.
124950 | Hell     | Found a gateway to the decaying netherworld of Tartarus.
125169 | Zig:1    | Entered Level 1 of a ziggurat
125508 | Zig:2    | Entered Level 2 of a ziggurat
125644 | Zig:3    | Entered Level 3 of a ziggurat
125767 | Zig:4    | Entered Level 4 of a ziggurat
125769 | Zig:4    | Noticed an ancient lich
125773 | Zig:4    | Killed an ancient lich
125774 | Zig:4    | Reached skill level 15 in Shields
125952 | Zig:5    | Entered Level 5 of a ziggurat
125956 | Zig:5    | Identified the +9 falchion "Earthworm" {vorpal, Dex+3 SInv}
125960 | Zig:5    | Found the +10 morningstar "Eos" {elec, Halo rElec}
125960 | Zig:5    | Identified the +6 shortbow "Hydrabane" {flame, rF- rC+
                  | Str+3 Int+7}
126133 | Zig:6    | Entered Level 6 of a ziggurat
126138 | Zig:6    | Identified the +4 hand axe "Qekha" {elec, Drain Fly rPois
                  | MP+9}
126314 | Zig:7    | Entered Level 7 of a ziggurat
126314 | Zig:7    | Identified the +11 pearl dragon scales "Kefuat" {+Blink
                  | rElec rC+ rN+ Str+2}
126314 | Zig:7    | Identified the +0 pair of boots "Qosiets" {Harm Int-3
                  | Stlth+}
126350 | Zig:8    | Entered Level 8 of a ziggurat
126355 | Zig:8    | Found the +4 skin of Zhor {*Englaciate rC+++ SInv}
126511 | Zig:9    | Entered Level 9 of a ziggurat
126543 | Zig:9    | Identified the ring "Lehu" {Wiz Str+4 Int+2 Dex+6 SInv}
126544 | Zig:9    | Found the ring of the Octopus King {rCorr HP+2 AC+2 EV+2
                  | SH+2}
126544 | Zig:9    | Found the ring of the Octopus King {rCorr HP+2 AC+2 EV+2
                  | SH+2}
126600 | Zig:10   | Entered Level 10 of a ziggurat
126606 | Zig:10   | Noticed a royal mummy
126607 | Zig:10   | Noticed a royal mummy
126611 | Zig:10   | Noticed a royal mummy
126620 | Zig:10   | Killed a royal mummy
126623 | Zig:10   | Killed a royal mummy
126632 | Zig:10   | Killed a royal mummy
126652 | Zig:10   | Identified the ring "Fifoum" {Str+7 Dex+6}
126652 | Zig:10   | Identified the +10 shortbow "Dragonslayer" {vorpal, rN+
                  | Str+2 Int+3 Stlth+}
126950 | Depths:3 | Reached ****** piety under Ashenzari
127269 | Depths:3 | Voluntarily entered the Abyss.
128242 | Abyss:1  | Found a corrupted altar of Lugonu.
128282 | Abyss:1  | Found a corrupted altar of Lugonu.
129153 | Abyss:1  | Gained mutation: You are often teleported next to monsters.
                  | [a neqoxec]
129499 | Abyss:1  | Noticed an ancient lich
129509 | Abyss:1  | Killed an ancient lich
129899 | Depths:3 | Escaped the Abyss
130416 | Tomb:1   | Entered Level 1 of the Tomb of the Ancients
131379 | Zot:1    | Lost mutation: You occasionally shout uncontrollably at
                  | your foes. [potion of mutation]
131379 | Zot:1    | Lost mutation: You are strong-willed. (Will+) [potion of
                  | mutation]
131379 | Zot:1    | Lost mutation: Armour fits poorly on your strangely shaped
                  | body. [potion of mutation]
131379 | Zot:1    | Gained mutation: You have a somewhat thin skeletal
                  | structure. (Dex +2, Stealth+) [potion of mutation]
131473 | Depths:3 | Lost mutation: Your muscles are strong. (Str +4, Int/Dex
                  | -1) [potion of mutation]
131473 | Depths:3 | Lost mutation: You have a somewhat thin skeletal structure.
                  | (Dex +2, Stealth+) [potion of mutation]
131473 | Depths:3 | Lost mutation: Your spells are a little easier to cast, but
                  | a little less powerful. [potion of mutation]
131473 | Depths:3 | Gained mutation: Armour fits poorly on your strangely
                  | shaped body. [potion of mutation]
131637 | D:14     | Lost mutation: You are often teleported next to monsters.
                  | [potion of mutation]
131637 | D:14     | Lost mutation: You are occasionally teleported next to
                  | monsters. [potion of mutation]
132791 | Tomb:1   | Noticed a royal mummy
132798 | Tomb:1   | Killed a royal mummy
134786 | Zot:5    | Noticed a dread lich
134828 | Zot:5    | Killed a dread lich
134847 | Zot:5    | Noticed a dread lich
134848 | Zot:5    | Noticed a Killer Klown
134863 | Zot:5    | Killed a dread lich
134868 | Zot:5    | Killed a Killer Klown
134873 | Zot:5    | Noticed an orb of fire
134882 | Zot:5    | Killed an orb of fire
134883 | Zot:5    | Reached skill level 15 in Stealth
134899 | Zot:5    | Noticed an orb of fire
134904 | Zot:5    | Killed an orb of fire
134916 | Zot:5    | Noticed a Killer Klown
134919 | Zot:5    | Killed a Killer Klown
134922 | Zot:5    | Noticed an orb of fire
134943 | Zot:5    | Gained mutation: Your body sometimes deteriorates upon
                  | taking damage. [an orb of fire]
135677 | Zot:5    | Noticed an orb of fire
135680 | Zot:5    | Gained mutation: You have hidden genetic defects. [an orb
                  | of fire]
135680 | Zot:5    | Gained mutation: Potions are less effective at restoring
                  | your health. [an orb of fire]
135682 | Zot:5    | Noticed a dread lich
135685 | Zot:5    | Killed an orb of fire
135690 | Zot:5    | Killed a dread lich
135691 | Zot:5    | Noticed a Killer Klown
135697 | Zot:5    | Killed an orb of fire
135698 | Zot:5    | Killed a Killer Klown
135706 | Zot:5    | Noticed a Killer Klown
135712 | Zot:5    | Killed a Killer Klown
136235 | Zot:5    | Noticed an orb of fire
136245 | Zot:5    | Killed an orb of fire
136407 | Zot:5    | Gained mutation: You are dopey. (Int -2) [hidden defects]
136564 | Zot:5    | Got the Orb of Zot
136808 | Depths:3 | Noticed Niuntamu the pandemonium lord
137114 | D:7      | Noticed Buiv the pandemonium lord
137376 | D:$      | Escaped with the Orb!

Illustrated notes

Levels and vault maps discovered:
D:1:      minmay_arrival_stair_chambers, layout_loops_ring, chequers_garden
D:2:      layout_loops_ring
D:3:      layout_rooms, serial_shops, nicolae_shop_bloodbath_and_beyond, shop,
          uniq_terence
D:4:      layout_cave_pods
D:5:      layout_basic, minmay_temple_entry_slanted, minmay_starry_boxes
D:6:      layout_basic, minivault_10, minmay_puff
D:7:      layout_basic, gammafunk_temple_overflow_wave
D:8:      layout_rooms, hangedman_decor_opposing, nicolae_sextant,
          hangedman_abyss_or_decor_stagger, uniq_grum, uniq_amaemon, uniq_joseph
D:9:      layout_loops_corners, grunt_lair_entry_orc_guard_hut, serial_shops,
          kennysheep_little_box, minivault_26, minmay_shop_damaged,
          minmay_pinched_square, uniq_maurice
D:10:     layout_cave_pools, nicolae_diode_basic, uniq_urug, uniq_erica,
          uniq_nergalle
D:11:     minmay_bloctagon_deflated, layout_loops_ring, zombieorc2_lemuel
D:12:     layout_gridville, uniq_sonja
D:13:     layout_roguey, david_vaults_4, kennysheep_cross_room,
          minmay_the_grid_2x2 [minmay_the_grid_garden, minmay_the_grid_fan,
          minmay_the_grid_embedded,
          minmay_the_grid_prize_four_corners_diamond_b], uniq_jorgrun
D:14:     orc_temple, layout_gridville, nicolae_kite_square_tiling_tiny,
          uniq_josephine
D:15:     gammafunk_depths_entry_grave, layout_layer_cave, serial_shops, shop,
          nicolae_uskayaw_dance_hall
Temple:   nicolae_temple_slightly_damp_pantheon
Lair:1:   layout_cave_pods, minivault_25, eino_small_chamber_without_monster,
          serial_bayou_lake_a
Lair:2:   layout_roguey, minmay_snake_entry_six_corridors, nicolae_lair_lindhole
Lair:3:   layout_loops_ring, swamp_mist
Lair:4:   layout_loops_ring
Lair:5:   guppyfry_lair_end_dragon, layout_gridlike, wormcave,
          minmay_slime_entry_oklob_open, grunt_megastairs_2
Swamp:1:  layout_falls_marsh, nicolae_swamp_dense_foliage
Swamp:2:  layout_basic_swamp, evilmike_swamp_ruin_house_3, grunt_ruined_hall,
          infiniplex_staircase_pool_2, uniq_kirke
Swamp:3:  nicolae_swamp_long_stream, layout_basic_swamp,
          evilmike_swamp_ruin_house_4, uniq_nikola
Swamp:4:  swamp_pestilence, layout_basic_swamp
Snake:1:  layout_chambers, nicolae_snake_gridmaze_entwining,
          nicolae_snake_snake_lake, hangedman_snake_thin_pillar_pass,
          nicolae_large_snake_swirl, uniq_mlioglotl
Snake:2:  layout_chambers, minmay_shoptagon, grunt_megastairs_3, uniq_vashnia
Snake:3:  layout_chambers, serial_shops, nicolae_stop_n_shop_2,
          grunt_megastairs_1
Snake:4:  johnstein_snake_rune_scales, layout_concentric_octagons, serial_shops,
          shop_fountains, minmay_snake_pond, minmay_shop_grove
Slime:1:  layout_caves
Slime:2:  layout_caves
Slime:3:  layout_caves
Slime:4:  layout_caves, dissolution_awaits
Slime:5
Orc:1:    cheibrodos_orc_arena, layout_diamond_mine, serial_shops,
          nicolae_shop_stone, nicolae_shop_advertising_works
          [nicolae_subvault_shop_adworks], shop, nicolae_shop_hallway_stairs,
          lemuel_statue_altar, uniq_harold
Orc:2:    st_orc_pillars, layout_caves, basic_altar
Elf:1:    eino_elf_arrival_customs, layout_gridlike, serial_shops, shop,
          gammafunk_ghost_ooze, hangedman_corner_corridor,
          wad_floor_pattern_untrapped
Elf:2:    nicolae_elf_blades_crystal_corner, layout_geoelf_diagonals,
          serial_shops, shop, nicolae_shop_gadgets, uniq_aizul
Elf:3:    minmay_elf_hall_furrowed, layout_rooms, serial_shops,
          nicolae_square_shop
Vaults:1: hangedman_vaults_snaps, ontoclasm_vaults_fault,
          ontoclasm_vaults_gateway, v_misc_5, hangedman_vaults_pinch,
          nicolae_vaults_little_ls, layout_vaults_omnigrid
Vaults:2: hangedman_vaults_nails, vaults_room_large_hall,
          nicolae_vaults_triangles, nicolae_vaults_what_the_h,
          hangedman_vaults_slither, grunt_vaults_twisty, v_misc_2,
          nicolae_vaults_shelves_hall, vaults_room_ringed_pool,
          vaults_dpeg_hooks, vaults_room_pools, layout_vaults_omnicross,
          uniq_sojobo, uniq_margery
Vaults:3: lightli_enter_wizlab_magi_temple, nicolae_vaults_little_squares_4,
          ontoclasm_vaults_chip, vaults_room_pools, ontoclasm_vaults_bender,
          hangedman_vaults_stagger, ontoclasm_vaults_pinch, v_misc_10,
          ontoclasm_vaults_twist, grunt_vaults_focal, vaults_room_fancy_cross,
          nicolae_vaults_mini_display_case, v_misc_9, v_alt_pattern_3,
          hangedman_vaults_trim, vaults_dpeg_diagonal, layout_vaults_omnibox,
          dummy_crypt_entry, serial_shops, shop
Vaults:4: dpeg_vaults_monster_row, nicolae_vaults_branching_niches, v_misc_14,
          vaults_room_pools, nicolae_vaults_circle_grid_b,
          hangedman_vaults_unwind, vaults_dpeg_ring,
          nicolae_vaults_little_squares_4, vaults_room_corners, v_pattern_4,
          v_misc_16, v_misc_16, nicolae_vaults_shelves_hall, vaults_room_pools,
          vaults_room_fours, layout_vaults_ring, enter_trove_5
Vaults:5
Crypt:1:  layout_misc_corridors, st_stairs_3, grunt_crypt_arrival_split
Crypt:2:  layout_basic, gammafunk_ghost_crypt
Crypt:3:  david_glass_crypt, layout_misc_corridors,
          tomb_entry_forgotten_bobbens, minmay_misc_feat_hallway,
          grunt_ministairs_13
Tomb:1
Depths:1: layout_honeycomb, hell_entry, minmay_fountain_box, serial_shops,
          nicolae_shop_trees, rand_demon_pan_entry_4, drop_trap,
          minmay_misc_feat_more_columns, hangedman_stitches_earthworm,
          serial_bayou_shore_a
Depths:2: minmay_glassy_protrusions, layout_honeycomb, hangedman_geh_valley,
          pan_entry, serial_shops, shop_fountains
Depths:3: minmay_swirls_squares, layout_gridlike, enter_ziggurat_e,
          minmay_room_of_horrors, columned_hall_lemuel, hell_entry,
          infiniplex_staircase_diamond
Depths:4: evilmike_zot_entry_argh, layout_gridlike, lightli_too_deep,
          marbit_kobold_abyss_entry, serial_bayou_shore_b, uniq_parghit,
          uniq_boris
Hell
Zot:1:    layout_concentric_octagons, grunt_ministairs_15
Zot:2:    layout_concentric_octagons
Zot:3:    kennysheep_ambush_hall, layout_gridlike
Zot:4:    layout_basic
Zot:5:    layout_basic

Skill      XL: |  1  2  3  4  5  6  7  8  9 10 11 12 13 14 15 16 17 18 19 20 21 22 23 24 25 26 27 |
---------------+----------------------------------------------------------------------------------+-----
Stealth        | 2 3 4 5 7 9 11 16 | 16.2
Dodging        | 3 4 5 6 8 10 11 12 20 | 20.5
Spellcasting   | 4 5 6 8 10 12 13 14 16 17 18 21 | 21.0
Shields        | 5 6 7 8 11 13 18 | 18.1
Fighting       | 4 8 11 13 14 15 18 | 18.8
Polearms       | 3 7 9 11 13 | 13.8
Evocations     | 4 9 11 18 19 20 | 20.4
Armour         | 7 8 11 15 16 | 16.7
Throwing       | 4 8 10 16 | 16.2
Short Blades   | 2 3 |  3.2

Action                   |  1- 3 |  4- 6 |  7- 9 | 10-12 | 13-15 | 16-18 | 19-21 | 22-24 | 25-27 || total
-------------------------+-------+-------+-------+-------+-------+-------+-------+-------+-------++-------
Melee: Spear             |    27 |       |       |    28 |       |       |       |       |       ||    55
       Whip              |    30 |   128 |    45 |       |       |       |       |       |       ||   203
       Punch             |     1 |     3 |     1 |       |       |       |       |       |       ||     5
       Dagger            |       |    41 |    92 |    25 |       |       |       |       |       ||   158
       Trident           |       |       |       |   346 |   869 |   846 |   403 |    19 |       ||  2483
       Demon trident     |       |       |       |       |       |       |   140 |  1252 |  3363 ||  4755
       Unarmed           |       |       |       |       |       |       |       |    11 |       ||    11
       Tailslap          |       |       |       |       |       |       |       |     5 |       ||     5
       Bite              |       |       |       |       |       |       |       |     3 |       ||     3
       Quick blade       |       |       |       |       |       |       |       |       |    56 ||    56
Throw: Dart              |       |       |     4 |       |     1 |       |       |       |     6 ||    11
       Throwing net      |       |       |     1 |     1 |       |       |       |       |     2 ||     4
       Boomerang         |       |       |       |       |       |       |     1 |     1 |    19 ||    21
       Javelin           |       |       |       |       |       |       |       |       |    49 ||    49
 Cast: Freeze            |    26 |    31 |    20 |       |     2 |       |       |       |       ||    79
       Scorch            |       |     4 |    36 |    24 |    62 |    15 |    10 |       |     2 ||   153
       Frozen Ramparts   |       |     4 |     9 |    43 |    27 |     7 |     3 |     3 |     4 ||   100
       Ozocubu's Armour  |       |       |     4 |     8 |    15 |     4 |     2 |     7 |     6 ||    46
       Summon Ice Beast  |       |       |     4 |     5 |     4 |     6 |     5 |     1 |       ||    25
       Lee's Rapid Decon |       |       |       |     1 |   136 |   386 |   294 |   235 |   681 ||  1733
       Summon Cactus Gia |       |       |       |       |     9 |    17 |     7 |     4 |    10 ||    47
       Apportation       |       |       |       |       |     2 |       |       |       |       ||     2
       Portal Projectile |       |       |       |       |     1 |       |       |       |    10 ||    11
       Agony             |       |       |       |       |       |     3 |       |       |    24 ||    27
       Death Channel     |       |       |       |       |       |     3 |       |     4 |     3 ||    10
       Iron Shot         |       |       |       |       |       |       |   216 |   119 |   326 ||   661
       Infestation       |       |       |       |       |       |       |       |     8 |     6 ||    14
       Dragon Form       |       |       |       |       |       |       |       |     1 |     1 ||     2
       Ignition          |       |       |       |       |       |       |       |       |    96 ||    96
       Dragon's Call     |       |       |       |       |       |       |       |       |    12 ||    12
Invok: Curse Item        |       |       |     1 |     2 |     4 |     2 |       |     2 |     5 ||    16
       Shatter the Chain |       |       |       |       |       |     1 |     2 |     1 |     3 ||     7
 Abil: Evoke Blink       |       |       |       |       |       |       |       |     7 |    21 ||    28
       End Transformatio |       |       |       |       |       |       |       |       |     1 ||     1
Evoke: Wand              |       |       |     4 |     2 |     4 |    21 |    19 |     5 |    27 ||    82
       Lightning rod     |       |       |       |       |     5 |    10 |       |       |     2 ||    17
       Condenser vane    |       |       |       |       |       |     3 |     2 |       |     6 ||    11
       Phantom mirror    |       |       |       |       |       |       |     1 |       |     1 ||     2
       Box of beasts     |       |       |       |       |       |       |     1 |     2 |     3 ||     6
       Tin of tremorston |       |       |       |       |       |       |       |     3 |     3 ||     6
       Phial of floods   |       |       |       |       |       |       |       |       |     4 ||     4
  Use: Scroll            |     6 |     9 |     5 |     5 |    11 |     3 |    13 |    12 |    18 ||    82
       Potion            |     1 |       |       |       |     5 |     4 |     4 |     3 |    26 ||    43
 Stab: Sleeping          |     9 |     5 |     2 |     9 |    10 |     8 |     9 |    23 |    43 ||   118
       Held in net/web   |       |       |     2 |       |       |       |       |       |     5 ||     7
       Distracted        |       |       |       |     1 |     6 |     2 |     3 |    10 |    30 ||    52
       Petrifying        |       |       |       |       |     1 |       |       |       |       ||     1
       Confused          |       |       |       |       |     1 |       |       |       |     2 ||     3
       Paralysed         |       |       |       |       |       |     2 |       |     2 |     3 ||     7
Armor: Robe              |    11 |    40 |    41 |    67 |   140 |   104 |    79 |       |       ||   482
       Troll leather arm |       |       |       |       |       |       |     6 |   202 |    24 ||   232
       Skin              |       |       |       |       |       |       |       |     4 |       ||     4
       Shadow dragon sca |       |       |       |       |       |       |       |       |   961 ||   961
Dodge: Dodged            |    43 |   119 |   107 |   252 |   409 |   321 |   313 |   589 |   762 ||  2915
Block: Other             |     7 |    40 |    34 |     3 |       |       |       |     3 |       ||    87
       Reflection        |       |     1 |     2 |     8 |    16 |    85 |    30 |    41 |    30 ||   213
       Buckler           |       |       |       |   228 |   298 |       |       |       |       ||   526
       Kite shield       |       |       |       |       |   160 |   616 |   499 |   774 |  1838 ||  3887

Table legend: (Time is in decaauts)
 A = Elapsed time spent in this place.
 B = Non-inter-level travel time spent in this place.
 C = Inter-level travel time spent in this place.
 D = Time resting spent in this place.
 E = Time spent auto-exploring this place.
 F = Levels seen in this place.
 G = Mean time per level.
                   A        B        C        D        E       F      G
               +--------+--------+--------+--------+--------+-----+--------+
         Total | 134639 | 123399 |  11240 |  61893 |  37006 |  71 | 1896.3 |
       Dungeon |  29288 |  25915 |   3373 |  10214 |  10673 |  15 | 1952.5 |
        Temple |     31 |     21 |     10 |      0 |     15 |   1 |   31.0 |
          Lair |  17612 |  16481 |   1131 |   9995 |   4234 |   5 | 3522.4 |
         Swamp |  10108 |   9962 |    146 |   6731 |   1681 |   4 | 2527.0 |
     Snake Pit |  12517 |  12265 |    252 |   6650 |   3696 |   4 | 3129.2 |
    Slime Pits |   3408 |   3316 |     92 |   2083 |    353 |   5 |  681.6 |
  Orcish Mines |   2781 |   2461 |    320 |    661 |   1148 |   2 | 1390.5 |
   Elven Halls |   8631 |   8172 |    459 |   4678 |   1627 |   3 | 2877.0 |
        Vaults |  16463 |  14245 |   2218 |   7216 |   3722 |   5 | 3292.6 |
         Crypt |   4907 |   4497 |    410 |   1301 |   2154 |   3 | 1635.7 |
          Tomb |   1778 |   1665 |    113 |   1156 |      0 |   1 | 1778.0 |
        Depths |  12973 |  11263 |   1710 |   5712 |   3698 |   4 | 3243.2 |
          Hell |    541 |    538 |      3 |      6 |    282 |   1 |  541.0 |
           Zot |   8262 |   7264 |    998 |   3084 |   2663 |   5 | 1652.4 |
         Abyss |   2333 |   2333 |      0 |    321 |   1059 |   1 | 2333.0 |
      Ziggurat |   1741 |   1741 |      0 |   1300 |      0 |  10 |  174.1 |
         Trove |     50 |     50 |      0 |      0 |      0 |   1 |   50.0 |
        Wizlab |   1206 |   1206 |      0 |    782 |      0 |   1 | 1206.0 |
               +--------+--------+--------+--------+--------+-----+--------+

Top non-repeatable levels by time:
 Snake:4: 5370 daAuts
Vaults:4: 5108 daAuts
  Lair:5: 5080 daAuts
  Lair:4: 4720 daAuts
Depths:4: 4496 daAuts
Vaults:1: 4173 daAuts
    D:15: 3739 daAuts
Depths:3: 3287 daAuts
Depths:2: 3203 daAuts
   Elf:2: 3197 daAuts
 Swamp:4: 3117 daAuts
  Lair:2: 3106 daAuts
 Snake:2: 3028 daAuts
 Swamp:2: 2893 daAuts
  Lair:1: 2841 daAuts
